 Dungeon Crawl Stone Soup version 0.18.1-8-gdd0e5ea (webtiles) character file.

7010 georgeearnest the Grappler (level 10, -6/90 HPs)
             Began as a Troll Monk on June 5, 2016.
             Was a High Priest of Nemelex Xobeh.
             Shot with an arrow by a centaur warrior (17 damage)
             ... on level 13 of the Dungeon.
             The game lasted 00:29:28 (9102 turns).

georgeearnest the Grappler (Troll Monk)             Turns: 9102, Time: 00:29:29

Health: -6/90      AC:  5    Str: 20 (21) XL:     10   Next: 82%
Magic:  10/10      EV: 15    Int:  8 (9)  God:    Nemelex Xobeh [*****.]
Gold:   571        SH:  0    Dex: 15      Spells: 0 memorised, 9 levels left

rFire  . . .     SeeInvis .       - Unarmed
rCold  . . .     Gourm    +     a - +0 robe
rNeg   . . .     Faith    .     (no shield)
rPois  .         Spirit   .     (helmet restricted)
rElec  .         Dismiss  +     (no cloak)
rCorr  .         Reflect  .     (gloves unavailable)
SustAt .         Harm     .     (boots unavailable)
MR     .....                    m - amulet of dismissal
Stlth  ++........               N - ring of wizardry
                                o - +3 ring of intelligence

@: very slightly contaminated, not resistant to hostile enchantments, unstealthy
A: unfitting armour, claws 3, deterioration 1, fast metabolism 3, frail 1,
gourmand, mutation resistance 1, regeneration 2, shaggy fur 1, tough skin 2
a: Triple Draw, Deal Four, Stack Five, Renounce Religion


You were on level 13 of the Dungeon.
You worshipped Nemelex Xobeh.
Nemelex Xobeh was extremely pleased with you.
You were not hungry.

You visited 1 branch of the dungeon, and saw 11 of its levels.
You also visited: Bailey.

You collected 571 gold pieces.

Inventory:

Missiles
 R - 30 tomahawks of returning (quivered)
Armour
 a - a +0 robe (worn)
Jewellery
 m - an amulet of dismissal (around neck)
 o - a +3 ring of intelligence (left claw)
 y - an uncursed ring of protection from fire
 F - an uncursed ring of positive energy {unknown}
 M - a cursed -3 ring of intelligence
 N - a ring of wizardry (right claw)
 O - a cursed ring of teleportation {unknown}
 T - an uncursed amulet of the gourmand {unknown}
Wands
 v - a wand of confusion (8/48)
 C - a wand of lightning (15/15)
 E - a wand of confusion (16/48)
 I - a wand of random effects (20/48)
 S - a wand of iceblast (8/15)
Scrolls
 c - 2 scrolls of amnesia
 d - a scroll of immolation {unknown}
 f - 5 scrolls of enchant weapon
 i - 7 scrolls of remove curse
 j - 4 scrolls of magic mapping
 q - 2 scrolls of acquirement {unknown}
 A - a scroll of enchant armour
 H - 2 scrolls of teleportation
 J - a scroll of blinking
 K - 2 scrolls of identify
 U - a scroll of noise {unknown}
Potions
 e - 3 potions of cure mutation {unknown}
 g - a potion of mutation
 l - 4 potions of magic
 r - 3 potions of ambrosia
 x - a potion of might
 z - a potion of brilliance
 L - 5 potions of agility
Books
 G - a book of the Tempests

   Spells                             Type                      Level
   a - Static Discharge               Conjuration/Air              3
   b - Lightning Bolt                 Conjuration/Air              5
   c - Fireball                       Conjuration/Fire             5
   d - Tornado                        Air                          9
   e - Shatter                        Earth                        9
 P - a book of Envenomations

   Spells                             Type                      Level
   a - Spider Form                    Transmutation/Poison         3
   b - Olgreb's Toxic Radiance        Poison                       4
   c - Alistair's Intoxication        Transmutation/Poison         5
   d - Poisonous Cloud                Conjuration/Poison/Air       6
Miscellaneous
 h - a plain deck of war
 u - a plain deck of destruction
 w - a plain deck of destruction
 D - a plain deck of destruction
 Q - a plain deck of war
 V - a plain deck of escape
Comestibles
 b - 14 bread rations
 k - 2 slices of pizza
 s - 7 meat rations
 t - a fruit
 B - a beef jerky


   Skills:
 + Level 6.7 Fighting
 + Level 2.3 Throwing
 + Level 8.8 Dodging
 + Level 3.6 Stealth
 + Level 9.6 Unarmed Combat
 + Level 2.4 Evocations


You had 9 spell levels left.
You didn't know any spells.

Dungeon Overview and Level Annotations

Branches:
Dungeon (10/15)            Temple (0/1) D:4            Lair (0/8) D:8
    Orc: D:9-12

Altars:
Ashenzari
Cheibriados
Gozag
Nemelex Xobeh
Okawaru
Sif Muna
Trog
Xom
The Shining One

Shops:
D:5 =   D:6 (   D:7 [*(*   D:9 ?


Innate Abilities, Weirdness & Mutations

You are too large for most types of armour.
You have claws for hands.
Your metabolism is lightning-fast.
You like to eat raw meat.
You heal very quickly.
You are covered in fur (AC +1).
You have very tough skin (AC +2).
Your body sometimes deteriorates upon taking damage.
You are frail (-10% HP).
You are somewhat resistant to further mutation.


Message History

The centaur warrior hits you!
* * * LOW HITPOINT WARNING * * *
You closely miss the centaur warrior.
The centaur warrior is heavily wounded.
The giant frog hits you but does no damage.
The centaur warrior hits you!
* * * LOW HITPOINT WARNING * * *
Your body deteriorates!
You feel weakened. The giant frog completely misses you.
Drink which item? (? for menu, Esc to quit)
Okay, then.
Read which item? (? for menu, Esc to quit)
Blink to where?
Press: ? - help, Dir - move target cursor You are very lightly contaminated with residual magic.
As you read the scroll of blinking, it crumbles to dust.
The centaur warrior wields an uncursed shortbow.
The centaur warrior shoots an arrow.
The arrow hits you!
You die...
Your body glows slightly and disappears.

#.F..# . #c...# .. ..
#(...# .
...##########(...#
##+##
.............(..##
#...# ..............$.#
#...+ ................#
#...# .)..............#
#...##+########.@...###
#...##....#...#.....#
....#.....'...'.....#
....#.....#..<#.....#
#...##....#...#.....#
#...##..###.)##.....#
#...##..###..#......#
.............#......#
#...##.......#......#


You could see a centaur warrior.

Vanquished Creatures
  A spriggan (D:7)
  5 yaks (D:9)
  The ghost of M4edhros the Shield-Bearer, an amateur FoFi (D:4)
  6 orc warriors
  An ice beast (D:5)
  3 sky beasts
  4 ogres
  3 centaurs
  A necrophage (D:6)
  4 giant frogs
  2 big kobolds
  2 scorpions
  9 killer bees
  An electric eel (D:7)
  4 howler monkeys
  2 crimson imps (D:7)
  A quasit (D:4)
  3 centaur skeletons
  An orc priest (D:8)
  3 hounds
  11 orc wizards
  A giant frog skeleton (D:10)
  2 worker ants
  2 iguanas
  2 hound skeletons (D:4)
  5 worker ant zombies
  5 gnolls
  12 adders
  2 shadow imps
  2 adder zombies
  3 dart slugs
  3 giant geckos
  41 orcs
  2 giant cockroaches
  8 goblins
  9 hobgoblins
  9 jackals
  24 kobolds
  6 quokkas
  A ball python (D:3)
  4 bats
  A giant cockroach zombie (D:6)
  3 giant newts
  5 rats
220 creatures vanquished.

Vanquished Creatures (collateral kills)
  An orc warlord (Bailey)
  The ghost of junkhipster the Blocker, a novice DDFi of Ru (D:9)
  An orc knight (Bailey)
  An orc warrior (D:6)
  3 killer bees (D:10)
  2 orc wizards
  A gnoll (Bailey)
  An adder (D:6)
  3 orcs
  A giant cockroach (D:6)
  A hobgoblin (Bailey)
  A kobold (Bailey)
17 creatures vanquished.

Grand Total: 237 creatures vanquished

Notes
Turn   | Place    | Note
--------------------------------------------------------------
     0 | D:1      | georgeearnest the Troll Monk began the quest for the Orb.
     0 | D:1      | Reached XP level 1. HP: 22/22 MP: 0/0
   209 | D:1      | Reached XP level 2. HP: 29/29 MP: 1/1
   317 | D:1      | Found an iron altar of Okawaru.
   928 | D:2      | Reached XP level 3. HP: 36/36 MP: 2/2
  1477 | D:2      | Found a sparkling altar of Nemelex Xobeh.
  1491 | D:2      | Became a worshipper of Nemelex Xobeh the Trickster
  1491 | D:2      | Received a gift from Nemelex Xobeh
  1491 | D:2      | Reached * piety under Nemelex Xobeh
  1491 | D:2      | Received a gift from Nemelex Xobeh
  1491 | D:2      | Reached ** piety under Nemelex Xobeh
  1787 | D:3      | Found a deep blue altar of Sif Muna.
  1817 | D:3      | Reached XP level 4. HP: 44/44 MP: 3/3
  1984 | D:3      | Received a gift from Nemelex Xobeh
  2131 | D:4      | Noticed M4edhros's ghost (amateur FoFi)
  2137 | D:4      | Gained mutation: You are frail (-10% HP). [helix card]
  2141 | D:4      | Killed M4edhros's ghost
  2141 | D:4      | Reached skill level 5 in Unarmed Combat
  2141 | D:4      | Reached XP level 5. HP: 43/47 MP: 4/4
  2234 | D:4      | Reached XP level 6. HP: 43/54 MP: 5/5
  2460 | D:4      | Found a staircase to the Ecumenical Temple.
  2640 | D:4      | Reached XP level 7. HP: 58/61 MP: 6/6
  2813 | D:4      | Found a snail-covered altar of Cheibriados.
  3016 | D:5      | Entered Level 5 of the Dungeon
  3024 | D:5      | Reached *** piety under Nemelex Xobeh
  3070 | D:5      | Received a gift from Nemelex Xobeh
  3114 | D:5      | Found Wioreom's Jewellery Shoppe.
  3133 | D:5      | Reached skill level 6 in Unarmed Combat
  3266 | D:5      | Received a gift from Nemelex Xobeh
  3792 | D:6      | Reached skill level 5 in Dodging
  3803 | D:6      | Reached XP level 8. HP: 42/70 MP: 7/7
  3909 | D:6      | Received a gift from Nemelex Xobeh
  3922 | D:6      | Reached skill level 7 in Unarmed Combat
  3939 | D:6      | Reached skill level 1 in Evocations
  4139 | D:6      | Found Noipsup's Antique Weapon Shop.
  4705 | D:6      | Reached **** piety under Nemelex Xobeh
  4849 | D:7      | Found Zefiep's Antique Weapon Emporium.
  5128 | D:7      | Reached skill level 5 in Fighting
  5128 | D:7      | Reached XP level 9. HP: 34/78 MP: 9/9
  5359 | D:7      | Found Hotul's Assorted Antiques.
  5677 | D:7      | Found a shimmering altar of Xom.
  5854 | D:7      | Reached skill level 8 in Unarmed Combat
  5861 | D:7      | Found Xusuc's Armour Emporium.
  5919 | D:7      | Found Fatzauk's General Store.
  6217 | D:8      | Received a gift from Nemelex Xobeh
  6302 | D:8      | Found a staircase to the Lair.
  6331 | D:8      | Gained mutation: Your body sometimes deteriorates upon taking damage. [mutagenic meat]
  6332 | D:8      | Gained mutation: You are somewhat resistant to further mutation. [mutagenic meat]
  6551 | D:8      | Found a glowing golden altar of the Shining One.
  6599 | D:8      | Found a flagged portal.
  6608 | Bailey   | Entered a bailey
  6633 | Bailey   | Noticed an orc warlord
  6707 | Bailey   | Noticed an orc knight
  6733 | Bailey   | Killed an orc knight
  6795 | Bailey   | Found a runed gate.
  6806 | Bailey   | Received a gift from Nemelex Xobeh
  6811 | Bailey   | Found a runed gate.
  6811 | Bailey   | Found a runed gate.
  7105 | Bailey   | Killed an orc warlord
  7105 | Bailey   | Reached skill level 1 in Throwing
  7105 | Bailey   | Reached skill level 9 in Unarmed Combat
  7105 | Bailey   | Reached XP level 10. HP: 43/88 MP: 4/10
  7715 | D:9      | Found Teysea's Magic Scroll Emporium.
  7768 | D:9      | Found a bloodstained altar of Trog.
  7769 | D:9      | Found a shattered altar of Ashenzari.
  7900 | D:9      | Noticed junkhipster's ghost (novice DDFi)
  7909 | D:9      | Killed junkhipster's ghost
  7918 | D:9      | Found a shimmering altar of Xom.
  8340 | D:10     | Entered Level 10 of the Dungeon
  8340 | D:10     | Received a gift from Nemelex Xobeh
  8354 | D:10     | Reached ***** piety under Nemelex Xobeh
  8387 | D:10     | Found an opulent altar of Gozag.
  8661 | D:10     | Noticed a hill giant
  8899 | D:10     | Received a gift from Nemelex Xobeh
  9023 | D:10     | You fall through a shaft for 3 floors!
  9093 | D:13     | Noticed a centaur warrior
  9102 | D:13     | Shot with an arrow by a centaur warrior

Skill      XL: |  1  2  3  4  5  6  7  8  9 10 |
---------------+-------------------------------+-----
Fighting       | 3 4 5 6 |  6.7
Dodging        | 3 4 5 6 7 8 |  8.8
Unarmed Combat | 5 6 7 9 |  9.6
Stealth        | 2 3 |  3.6
Evocations     | 1 2 |  2.4
Throwing       | 1 2 |  2.3

Action                   |  1- 3 |  4- 6 |  7- 9 | 10-12 || total
-------------------------+-------+-------+-------+-------++-------
Melee: Unarmed           |    88 |    99 |   316 |   137 ||   640
       Punch             |       |     2 |    14 |     2 ||    18
Throw: Tomahawk          |       |       |    13 |       ||    13
Invok: Deal Four         |       |       |     1 |       ||     1
Evoke: Deck              |       |     6 |    16 |     7 ||    29
  Use: Scroll            |       |       |    13 |     2 ||    15
       Potion            |       |       |     5 |     6 ||    11
 Stab: Sleeping          |       |     2 |     1 |     1 ||     4
  Eat: Chunk             |    12 |    13 |    39 |    17 ||    81
       Meat ration       |     1 |       |       |       ||     1
Armor: Robe              |    57 |    31 |    63 |    31 ||   182
Dodge: Dodged            |    47 |    67 |   273 |   182 ||   569
